[ AOE2 MATCH · #506017039 ]
UnrankedCumans vs Shu
Player's team · WIN
Rival team · LOSS
[ REPLAY ANALYSIS · EXTRACTED FROM THE RECORDED GAME ]
Feudal
11:00
Castle
—
Imperial
—
| APM avg | 43.7 |
| APM peak | 96 |
| eAPM avg | 22.6 |
| Villagers / military | 39 / 14 |
Focus
⚔️ 39.6% · 🌾 60.4%
Scout Cavalry ×12 · Spearman ×1 · Battering Ram ×1
Feudal
11:56
Castle
16:31
Imperial
—
| APM avg | 44.0 |
| APM peak | 106 |
| eAPM avg | 22.4 |
| Villagers / military | 42 / 16 |
Focus
⚔️ 24.6% · 🌾 75.4%
Archer ×13 · Spearman ×2 · Unknown (1962) ×2 · Mangonel ×1
Match map
Initial resources + every placement click. Lines = walls · curves = elevation contours. ◆ gold · ⬟ stone · ● berries · ✦ relic · ◌ wall gap
Your base· Open — opponent sealed themselves in
Adavi306's base· ✓ Closed at 16:31 · 22t walls · fragile
Smoothed initial terrain · ◌ = detected wall gap · hover for details
Inputs per minute
— executable - - Adavi306
Build order — executable
107 actions detected in the replay
| 0:01 | Research | Loom |
| 0:06 | Build | House |
| 0:09 | Build | House |
| 0:17 | Queue | Villager (Male) |
| 0:17 | Queue | Villager (Male) |
| 0:17 | Queue | Villager (Male) |
| 0:18 | Queue | Villager (Male) |
| 1:55 | Queue | Villager (Male) |
| 2:47 | Queue | Villager (Male) |
| 2:47 | Queue | Villager (Male) |
| 3:12 | Queue | Villager (Male) |
| 4:02 | Queue | Villager (Male) |
| 4:19 | Queue | Villager (Male) |
| 4:33 | Queue | Villager (Male) |
| 4:56 | Queue | Villager (Male) |
| 5:14 | Queue | Villager (Male) |
| 5:50 | Build | Lumber Camp |
| 5:58 | Queue | Villager (Male) |
| 5:59 | Queue | Villager (Male) |
| 6:21 | Build | Mill |
| 6:30 | Build | House |
| 7:16 | Queue | Villager (Male) |
| 7:38 | Queue | Villager (Male) |
| 7:59 | Build | House |
| 8:25 | Queue | Villager (Male) |
| 8:39 | Research | Feudal Age |
| 9:33 | Build | House |
| 10:34 | Queue | Villager (Male) |
| 10:36 | Queue | Villager (Male) |
| 11:00 | Age | Feudal Age |
| 11:00 | Queue | Villager (Male) |
| 11:25 | Build | Town Center |
| 11:31 | Build | Palisade Gate |
| 11:35 | Build | Palisade Wall |
| 11:39 | Build | Palisade Wall |
| 11:43 | Build | House |
| 11:46 | Build | Palisade Wall |
| 11:50 | Research | Double-Bit Axe |
| 11:51 | Build | Palisade Wall |
| 12:09 | Queue | Villager (Male) |
| 12:21 | Build | Palisade Wall |
| 12:39 | Queue | Villager (Male) |
| 13:07 | Queue | Villager (Male) |
| 13:33 | Queue | Villager (Male) |
| 13:54 | Build | Mining Camp |
| 14:25 | Build | Blacksmith |
| 14:32 | Queue | Villager (Male) |
| 14:49 | Queue | Villager (Male) |
| 15:01 | Queue | Villager (Male) |
| 15:12 | Build | Siege Workshop |
| 15:46 | Build | Palisade Wall |
| 16:03 | Build | House |
| 16:04 | Build | House |
| 16:05 | Queue | Villager (Male) |
| 16:09 | Research | Wheelbarrow |
| 16:31 | Queue | Battering Ram |
| 16:50 | Build | Farm |
| 16:58 | Build | Farm |
| 18:03 | Build | Barracks |
| 18:24 | Build | Farm |
| 18:25 | Build | Farm |
| 18:27 | Build | Farm |
| 18:29 | Build | Farm |
| 18:38 | Queue | Villager (Male) |
| 18:40 | Build | Stable |
| 19:07 | Build | Mining Camp |
| 19:22 | Queue | Scout Cavalry |
| 19:49 | Build | Farm |
| 19:50 | Build | Farm |
| 19:55 | Build | Farm |
| 20:30 | Queue | Scout Cavalry |
| 20:40 | Queue | Villager (Male) |
| 20:45 | Queue | Villager (Male) |
| 21:14 | Queue | Scout Cavalry |
| 21:19 | Build | Farm |
| 21:39 | Build | Farm |
| 21:40 | Build | Farm |
| 21:44 | Build | House |
| 21:45 | Build | House |
| 22:07 | Research | Scale Barding Armor |
| 22:10 | Queue | Scout Cavalry |
| 22:15 | Build | Farm |
| 22:26 | Build | Farm |
| 22:27 | Build | Farm |
| 22:42 | Queue | Villager (Male) |
| 22:47 | Build | House |
| 22:48 | Build | Palisade Wall |
| 23:00 | Queue | Scout Cavalry |
| 23:03 | Queue | Villager (Male) |
| 23:22 | Build | Farm |
| 23:29 | Queue | Scout Cavalry |
| 23:33 | Build | Stable |
| 23:39 | Queue | Villager (Male) |
| 24:22 | Queue | Scout Cavalry |
| 24:42 | Queue | Scout Cavalry |
| 24:45 | Queue | Scout Cavalry |
| 24:48 | Build | Stable |
| 25:15 | Queue | Scout Cavalry |
| 25:16 | Queue | Villager (Male) |
| 25:22 | Queue | Spearman |
| 25:27 | Queue | Villager (Male) |
| 25:31 | Build | Farm |
| 25:32 | Build | Farm |
| 25:36 | Queue | Villager (Male) |
| 25:36 | Queue | Villager (Male) |
| 25:49 | Queue | Scout Cavalry |
| 25:50 | Queue | Scout Cavalry |
Build order — Adavi306
105 actions detected in the replay
| 0:00 | Queue | Villager (Male) |
| 0:00 | Queue | Villager (Male) |
| 0:01 | Queue | Villager (Male) |
| 0:02 | Build | House |
| 0:03 | Build | House |
| 0:18 | Queue | Villager (Male) |
| 0:18 | Queue | Villager (Male) |
| 0:18 | Queue | Villager (Male) |
| 1:17 | Queue | Villager (Male) |
| 1:17 | Queue | Villager (Male) |
| 1:47 | Build | Lumber Camp |
| 1:54 | Queue | Villager (Male) |
| 1:54 | Queue | Villager (Male) |
| 2:22 | Queue | Villager (Male) |
| 2:22 | Queue | Villager (Male) |
| 2:56 | Queue | Villager (Male) |
| 3:21 | Queue | Villager (Male) |
| 3:21 | Queue | Villager (Male) |
| 3:37 | Research | Loom |
| 4:19 | Queue | Villager (Male) |
| 4:19 | Queue | Villager (Male) |
| 4:19 | Queue | Villager (Male) |
| 4:42 | Queue | Villager (Male) |
| 5:14 | Build | House |
| 5:32 | Build | Mill |
| 6:01 | Queue | Villager (Male) |
| 6:01 | Queue | Villager (Male) |
| 6:16 | Queue | Villager (Male) |
| 7:09 | Queue | Villager (Male) |
| 7:26 | Build | House |
| 7:27 | Build | House |
| 7:34 | Build | Mill |
| 7:40 | Queue | Villager (Male) |
| 8:00 | Queue | Villager (Male) |
| 8:24 | Queue | Villager (Male) |
| 8:53 | Queue | Villager (Male) |
| 8:58 | Build | Mining Camp |
| 9:01 | Queue | Villager (Male) |
| 9:43 | Research | Feudal Age |
| 9:43 | Research | Feudal Age |
| 9:59 | Build | Palisade Wall |
| 10:43 | Build | Palisade Wall |
| 10:45 | Build | Palisade Wall |
| 10:49 | Build | Palisade Wall |
| 11:02 | Build | Palisade Wall |
| 11:24 | Queue | Villager (Male) |
| 11:24 | Queue | Villager (Male) |
| 11:43 | Build | Outpost |
| 11:45 | Build | Outpost |
| 11:50 | Build | Palisade Wall |
| 11:52 | Build | Palisade Wall |
| 11:56 | Age | Feudal Age |
| 12:07 | Build | Market |
| 12:30 | Build | Outpost |
| 12:45 | Queue | Villager (Male) |
| 12:57 | Build | Blacksmith |
| 13:01 | Queue | Villager (Male) |
| 13:01 | Queue | Villager (Male) |
| 13:51 | Research | Castle Age |
| 13:52 | Research | Castle Age |
| 16:06 | Build | Palisade Wall |
| 16:11 | Build | Palisade Wall |
| 16:31 | Age | Castle Age |
| 16:40 | Build | Siege Workshop |
| 16:59 | Queue | Villager (Male) |
| 17:24 | Queue | Unit 1962 |
| 17:32 | Build | Palisade Wall |
| 18:36 | Build | Town Center |
| 19:14 | Build | Barracks |
| 19:56 | Queue | Spearman |
| 19:57 | Queue | Spearman |
| 20:06 | Queue | Unit 1962 |
| 20:30 | Build | Archery Range |
| 20:46 | Queue | Villager (Male) |
| 20:47 | Build | House |
| 20:51 | Build | House |
| 20:51 | Build | House |
| 20:51 | Build | House |
| 20:52 | Build | House |
| 21:21 | Build | Archery Range |
| 21:33 | Research | Fletching |
| 21:42 | Queue | Mangonel |
| 21:57 | Queue | Archer |
| 21:57 | Queue | Archer |
| 22:25 | Queue | Archer |
| 22:26 | Queue | Archer |
| 22:26 | Queue | Archer |
| 22:46 | Queue | Villager (Male) |
| 23:07 | Build | House |
| 23:17 | Queue | Archer |
| 23:18 | Queue | Archer |
| 23:48 | Queue | Villager (Male) |
| 23:48 | Queue | Villager (Male) |
| 23:56 | Build | Palisade Wall |
| 23:58 | Build | Palisade Wall |
| 24:09 | Queue | Archer |
| 24:09 | Queue | Archer |
| 24:35 | Queue | Villager (Male) |
| 24:36 | Queue | Villager (Male) |
| 24:52 | Queue | Archer |
| 24:53 | Queue | Archer |
| 24:55 | Queue | Villager (Male) |
| 25:06 | Queue | Archer |
| 25:06 | Queue | Archer |
| 25:34 | Queue | Villager (Male) |
Match timeline
| 9:59 | Adavi306 · wall_segment Palisade Wall x6 |
| 10:43 | Adavi306 · wall_segment Palisade Wall x1 |
| 10:45 | Adavi306 · wall_segment Palisade Wall x1 |
| 10:49 | Adavi306 · wall_segment Palisade Wall x1 |
| 11:00 | executable · age_up feudal |
| 11:02 | Adavi306 · wall_segment Palisade Wall x6 |
| 11:35 | executable · wall_segment Palisade Wall x1 |
| 11:39 | executable · wall_segment Palisade Wall x1 |
| 11:46 | executable · wall_segment Palisade Wall x1 |
| 11:50 | Adavi306 · wall_segment Palisade Wall x3 |
| 11:51 | executable · wall_segment Palisade Wall x1 |
| 11:52 | Adavi306 · wall_segment Palisade Wall x4 |
| 11:56 | Adavi306 · age_up feudal |
| 12:21 | executable · wall_segment Palisade Wall x1 |
| 13:36 | Adavi306 · first_market_sell 100 stone |
| 13:38 | Adavi306 · first_market_buy 100 food |
| 15:12 | executable · first_building Siege Workshop |
| 15:46 | executable · wall_segment Palisade Wall x1 |
| 16:06 | Adavi306 · wall_segment Palisade Wall x1 |
| 16:11 | Adavi306 · wall_segment Palisade Wall x1 |
| 16:31 | Adavi306 · age_up castle |
| 16:40 | Adavi306 · first_building Siege Workshop |
| 17:32 | Adavi306 · wall_segment Palisade Wall x1 |
| 18:03 | executable · first_building Barracks |
| 18:40 | executable · first_building Stable |
| 19:14 | Adavi306 · first_building Barracks |
| 20:30 | Adavi306 · first_building Archery Range |
| 22:48 | executable · wall_segment Palisade Wall x1 |
| 23:56 | Adavi306 · wall_segment Palisade Wall x1 |
| 23:58 | Adavi306 · wall_segment Palisade Wall x1 |
| 26:15 | Adavi306 · resign |
[ AI ANALYSIS · 1 CREDIT ]
What really happened in this match?
Wolo.gg analyzes every decision: build order, eco, micro, common mistakes by bracket. Personalized analysis on WhatsApp or Discord in 30 seconds.
Civ guide
Cumans
Perfil
Jugador #19228473